PL
RICHARDSON CITY THUNDERCATS @ PHILADELPHIA 1776 BC
05/25/2029
 
TOP OF THE 1ST
Richardson City Thundercats batting - Pitching for Philadelphia 1776 BC : RHP Cory Sanders
Pitching: RHP Cory Sanders
Batting: RHB Javier Rivera 0-0: Ground out 4-3 (Groundball, 4)
Batting: RHB Louis Gibbons 0-0: Called Strike
0-1: Ball
1-1: Foul Ball, location: 2F
1-2: SINGLE (Groundball, 6MD)
Batting: LHB Fernando Ramírez 0-0: Called Strike
0-1: Foul Ball, location: 2F
0-2: Strikes out swinging
Batting: RHB Tomás Martínez 0-0: Fielders Choice at 2nd, 6-4 (Groundball, 6)
Top of the 1st over - 0 runs, 1 hit, 0 errors, 1 left on base; Richardson City 0 - Philadelphia 1776 0
BOTTOM OF THE 1ST
Philadelphia 1776 BC batting - Pitching for Richardson City Thundercats : RHP Edgar Lankford
Pitching: RHP Edgar Lankford
Batting: LHB Tony Vega 0-0: Called Strike
0-1: Foul Ball, location: 2F
0-2: Fly out, F9 (Flyball, 9LS)
Batting: LHB Cliff Aldridge 0-0: Ball
1-0: SINGLE (Line Drive, 6M)
Batting: LHB Manoo Satyavrat 0-0: Ball
1-0: SINGLE (Line Drive, 34)
Cliff Aldridge to second
Batting: RHB Dave Morris 0-0: Foul Ball, location: 2F
0-1: Ground out 5-3 (Groundball, 56S)
Cliff Aldridge to third
Manoo Satyavrat to second
Batting: SHB Sam Quint 0-0: Swinging Strike
0-1: Ball
1-1: SINGLE (Flyball, 8RS)
Cliff Aldridge scores
Manoo Satyavrat to third
Runner from 3rd tries for Home, SAFE, throw made home
Batting: RHB John Schnatter 0-0: Ball
1-0: Swinging Strike
1-1: Swinging Strike
1-2: Ball
2-2: Strikes out swinging
Bottom of the 1st over - 2 runs, 3 hits, 0 errors, 1 left on base; Richardson City 0 - Philadelphia 1776 2
TOP OF THE 2ND
Richardson City Thundercats batting - Pitching for Philadelphia 1776 BC : RHP Cory Sanders
Batting: RHB IV Seacat 0-0: Swinging Strike
0-1: Ball
1-1: Foul Ball, location: 2F
1-2: Ball
2-2: Ball
3-2: Strikes out swinging
Batting: RHB Pedro Castillo 0-0: Ball
1-0: Swinging Strike
1-1: Swinging Strike
1-2: Foul Ball, location: 2F
1-2: Ball
2-2: Foul Ball, location: 2F
2-2: Hit by Pitch
Batting: RHB Alden Wiley 0-0: Called Strike
Pedro Castillo steals 2nd base
0-1: SINGLE (Line Drive, 7S)
Pedro Castillo to third
Runner from 3rd tries for Home, SAFE, no throw
Batting: RHB Junior Pittman 0-0: Foul Ball, location: 2F
0-1: Ball
1-1: Swinging Strike
1-2: Strikes out swinging
Batting: RHB Joey Jones 0-0: Called Strike
0-1: Ball
1-1: Swinging Strike
1-2: Foul Ball, location: 2F
1-2: Ball
2-2: Foul Ball, location: 2F
2-2: Fly out, F7 (Flyball, 7)
Top of the 2nd over - 1 run, 1 hit, 0 errors, 1 left on base; Richardson City 1 - Philadelphia 1776 2
BOTTOM OF THE 2ND
Philadelphia 1776 BC batting - Pitching for Richardson City Thundercats : RHP Edgar Lankford
Batting: RHB Patrizio Vanali 0-0: Ball
1-0: Called Strike
1-1: Swinging Strike
1-2: Foul Ball, location: 2F
1-2: Strikes out looking
Batting: SHB Jesús Cabañe 0-0: Ball
1-0: Foul Ball, location: 2F
1-1: Foul Ball, location: 2F
1-2: Ball
2-2: Fly out, F6 (Popup, 6M)
Batting: RHB Fernando Rivera 0-0: Ball
1-0: Ball
2-0: Called Strike
2-1: SINGLE (Groundball, 6MD)
Batting: LHB Tony Vega 0-0: Called Strike
0-1: Ball
1-1: Called Strike
1-2: Ball
2-2: Ground out 1-3 (Groundball, 13S)
Bottom of the 2nd over - 0 runs, 1 hit, 0 errors, 1 left on base; Richardson City 1 - Philadelphia 1776 2
TOP OF THE 3RD
Richardson City Thundercats batting - Pitching for Philadelphia 1776 BC : RHP Cory Sanders
Batting: RHB Javier Rivera 0-0: Ball
1-0: Swinging Strike
1-1: Swinging Strike
1-2: Strikes out swinging
Batting: RHB Louis Gibbons 0-0: Ball
1-0: Swinging Strike
1-1: Swinging Strike
1-2: Fly out, F9 (Flyball, 9)
Batting: LHB Fernando Ramírez 0-0: Called Strike
0-1: Swinging Strike
0-2: Ball
1-2: Fly out, F9 (Flyball, 89M)
Top of the 3rd over - 0 runs, 0 hits, 0 errors, 0 left on base; Richardson City 1 - Philadelphia 1776 2
BOTTOM OF THE 3RD
Philadelphia 1776 BC batting - Pitching for Richardson City Thundercats : RHP Edgar Lankford
Batting: LHB Cliff Aldridge 0-0: Foul Ball, location: 2F
0-1: Ball
1-1: Ball
2-1: Ball
3-1: Called Strike
3-2: Base on Balls
Batting: LHB Manoo Satyavrat 0-0: Foul Ball, location: 2F
0-1: Ball
1-1: Called Strike
1-2: Fly out, F8 (Flyball, 8RS)
Batting: RHB Dave Morris 0-0: Called Strike
0-1: SINGLE (Groundball, 56D)
Cliff Aldridge to second
Batting: SHB Sam Quint 0-0: Called Strike
0-1: Ball
1-1: SINGLE (Groundball, 56D)
Cliff Aldridge to third
Dave Morris to second
Runner from 3rd tries for Home, SAFE, no throw
Batting: RHB John Schnatter 0-0: Called Strike
0-1: Ball
1-1: Ball
2-1: Foul Ball, location: 2F
2-2: Ball
3-2: 3-RUN HOME RUN (Line Drive, 9LD), Distance : 344 ft
Batting: RHB Patrizio Vanali 0-0: Called Strike
0-1: Ball
1-1: Ball
2-1: Foul Ball, location: 2F
2-2: Hit by Pitch
Pitching: RHP Andrés Martínez
Batting: SHB Jesús Cabañe 0-0: Called Strike
0-1: Ball
1-1: Ball
2-1: Ball
3-1: Base on Balls
Patrizio Vanali to second
Batting: RHB Fernando Rivera 0-0: Ball
1-0: Called Strike
1-1: Fly out, F7 (Flyball, 78M)
Batting: LHB Tony Vega 0-0: Called Strike
0-1: Foul Ball, location: 2F
0-2: Ball
1-2: DOUBLE (Line Drive, 8LD)
Patrizio Vanali scores
Jesús Cabañe to third
Runner from 3rd tries for Home, SAFE, no throw
Batting: LHB Cliff Aldridge 0-0: SINGLE (Groundball, 6D)
Tony Vega to third
Runner from 3rd tries for Home, SAFE, throw made home
Batting: LHB Manoo Satyavrat 0-0: Ball
1-0: Called Strike
1-1: Ball
2-1: Ball
3-1: Base on Balls
Cliff Aldridge to second
Batting: RHB Dave Morris 0-0: Ball
1-0: Called Strike
1-1: Ground out 4-3 (Groundball, 4)
Bottom of the 3rd over - 7 runs, 5 hits, 0 errors, 2 left on base; Richardson City 1 - Philadelphia 1776 9
TOP OF THE 4TH
Richardson City Thundercats batting - Pitching for Philadelphia 1776 BC : RHP Cory Sanders
Batting: RHB Tomás Martínez 0-0: Ball
1-0: Called Strike
1-1: Ball
2-1: Foul Ball, location: 2F
2-2: Ground out 6-3 (Groundball, 6)
Batting: RHB IV Seacat 0-0: Ball
1-0: Ball
2-0: SINGLE (Line Drive, 6MD)
Batting: RHB Pedro Castillo 0-0: Fielders Choice at 2nd, 5-4 (Groundball, 5)
Batting: RHB Alden Wiley 0-0: Called Strike
0-1: Ball
1-1: Swinging Strike
1-2: Strikes out looking
Top of the 4th over - 0 runs, 1 hit, 0 errors, 1 left on base; Richardson City 1 - Philadelphia 1776 9
BOTTOM OF THE 4TH
Philadelphia 1776 BC batting - Pitching for Richardson City Thundercats : RHP Andrés Martínez
Batting: SHB Sam Quint 0-0: Ball
1-0: Called Strike
1-1: Called Strike
1-2: Foul Ball, location: 2F
1-2: Ball
2-2: Strikes out looking
Batting: RHB John Schnatter 0-0: Ground out 5-3 (Groundball, 56)
Batting: RHB Patrizio Vanali 0-0: Ball
1-0: Called Strike
1-1: Called Strike
1-2: Foul Ball, location: 2F
1-2: Foul Ball, location: 2F
1-2: Fly out, F9 (Flyball, 89M)
Bottom of the 4th over - 0 runs, 0 hits, 0 errors, 0 left on base; Richardson City 1 - Philadelphia 1776 9
TOP OF THE 5TH
Richardson City Thundercats batting - Pitching for Philadelphia 1776 BC : RHP Cory Sanders
Batting: RHB Junior Pittman 0-0: Foul Ball, location: 2F
0-1: Ball
1-1: Ground out 6-3 (Groundball, 6)
Batting: RHB Joey Jones 0-0: Ball
1-0: Called Strike
1-1: Ball
2-1: Fly out, F9 (Flyball, 9S)
Batting: RHB Javier Rivera 0-0: Swinging Strike
0-1: Ball
1-1: Swinging Strike
1-2: Foul Ball, location: 2F
1-2: SINGLE (Line Drive, 4M)
Batting: RHB Louis Gibbons 0-0: Ball
1-0: Ball
2-0: Ball
3-0: Called Strike
3-1: Called Strike
3-2: Strikes out looking
Top of the 5th over - 0 runs, 1 hit, 0 errors, 1 left on base; Richardson City 1 - Philadelphia 1776 9
BOTTOM OF THE 5TH
Philadelphia 1776 BC batting - Pitching for Richardson City Thundercats : RHP Andrés Martínez
Batting: SHB Jesús Cabañe 0-0: Foul Ball, location: 2F
0-1: Swinging Strike
0-2: Ball
1-2: Foul Ball, location: 2F
1-2: Fly out, F4 (Line Drive, 4)
Batting: RHB Fernando Rivera 0-0: Ball
1-0: Ball
2-0: Ball
3-0: Called Strike
3-1: Fly out, F7 (Flyball, 7LM)
Batting: LHB Tony Vega 0-0: Ball
1-0: Foul Ball, location: 2F
1-1: Called Strike
1-2: Foul Ball, location: 2F
1-2: Ball
2-2: Ball
3-2: Foul Ball, location: 2F
3-2: SINGLE (Groundball, 4MD)
Batting: LHB Cliff Aldridge 0-0: Fly out, F9 (Line Drive, 9D)
Bottom of the 5th over - 0 runs, 1 hit, 0 errors, 1 left on base; Richardson City 1 - Philadelphia 1776 9
TOP OF THE 6TH
Richardson City Thundercats batting - Pitching for Philadelphia 1776 BC : RHP Cory Sanders
Batting: LHB Fernando Ramírez 0-0: Ball
1-0: Ball
2-0: Foul Ball, location: 2F
2-1: Swinging Strike
2-2: Strikes out swinging
Batting: RHB Tomás Martínez 0-0: Ground out 5-3 (Groundball, 56)
Batting: RHB IV Seacat 0-0: Ball
1-0: Called Strike
1-1: Swinging Strike
1-2: Foul Ball, location: 2F
1-2: Strikes out swinging
Top of the 6th over - 0 runs, 0 hits, 0 errors, 0 left on base; Richardson City 1 - Philadelphia 1776 9
BOTTOM OF THE 6TH
Philadelphia 1776 BC batting - Pitching for Richardson City Thundercats : RHP Andrés Martínez
Batting: LHB Manoo Satyavrat 0-0: Ball
1-0: Called Strike
1-1: Ball
2-1: SINGLE (Groundball, 56S) (infield hit)
Pitching: LHP Alec Pittman
Batting: RHB Dave Morris 0-0: Called Strike
0-1: Grounds into double play, 6-4-3 (Groundball, 6M)
Batting: SHB Sam Quint 0-0: Ball
1-0: Ball
2-0: SINGLE (Groundball, 6MD)
Batting: RHB John Schnatter 0-0: Ball
1-0: Ball
2-0: Fielders Choice at 2nd, 6-4 (Groundball, 6)
Bottom of the 6th over - 0 runs, 2 hits, 0 errors, 1 left on base; Richardson City 1 - Philadelphia 1776 9
TOP OF THE 7TH
Richardson City Thundercats batting - Pitching for Philadelphia 1776 BC : RHP Cory Sanders
Batting: RHB Pedro Castillo 0-0: Ball
1-0: Foul Ball, location: 2F
1-1: Foul Ball, location: 2F
1-2: Foul Ball, location: 2F
1-2: Strikes out looking
Batting: RHB Alden Wiley 0-0: Ball
1-0: Called Strike
1-1: Ground out 6-3 (Groundball, 6)
Batting: RHB Junior Pittman 0-0: Swinging Strike
0-1: SINGLE (Line Drive, 6MD)
Batting: RHB Joey Jones 0-0: Called Strike
0-1: Called Strike
0-2: Strikes out swinging
Top of the 7th over - 0 runs, 1 hit, 0 errors, 1 left on base; Richardson City 1 - Philadelphia 1776 9
BOTTOM OF THE 7TH
Philadelphia 1776 BC batting - Pitching for Richardson City Thundercats : LHP Alec Pittman
Batting: RHB Patrizio Vanali 0-0: Foul Ball, location: 2F
0-1: Called Strike
0-2: SINGLE (Groundball, 4MD)
Batting: SHB Jesús Cabañe 0-0: Called Strike
0-1: Called Strike
0-2: Foul Ball, location: 2F
0-2: Ball
1-2: Fly out, F9 (Flyball, 89S)
Batting: RHB Fernando Rivera 0-0: Called Strike
0-1: Ball
1-1: Foul Ball, location: 2F
1-2: Foul Ball, location: 2F
1-2: Strikes out looking
Batting: LHB Tony Vega Pickoff Throw to First - Error! E1
Patrizio Vanali to second
0-0: Called Strike
0-1: Foul Ball, location: 2F
0-2: Ball
1-2: Foul Ball, location: 2F
1-2: Foul Ball, location: 2F
1-2: Ground out 3-1 (Groundball, 34)
Bottom of the 7th over - 0 runs, 1 hit, 1 error, 1 left on base; Richardson City 1 - Philadelphia 1776 9
TOP OF THE 8TH
Richardson City Thundercats batting - Pitching for Philadelphia 1776 BC : RHP Cory Sanders
Batting: RHB Javier Rivera 0-0: Foul Ball, location: 2F
0-1: Foul Ball, location: 2F
0-2: Ball
1-2: Ball
2-2: Fly out, F8 (Flyball, 8LM)
Batting: RHB Louis Gibbons 0-0: Ball
1-0: Hit by Pitch
Pitching: RHP Frank Walker
Batting: LHB Fernando Ramírez 0-0: Foul Ball, location: 2F
0-1: Grounds into double play, 5-4-3 (Groundball, 5)
Top of the 8th over - 0 runs, 0 hits, 0 errors, 0 left on base; Richardson City 1 - Philadelphia 1776 9
BOTTOM OF THE 8TH
Philadelphia 1776 BC batting - Pitching for Richardson City Thundercats : LHP Alec Pittman
Batting: LHB Cliff Aldridge 0-0: Called Strike
0-1: Ball
1-1: Ball
2-1: Ball
3-1: Foul Ball, location: 2F
3-2: Foul Ball, location: 2F
3-2: Strikes out looking
Batting: LHB Manoo Satyavrat 0-0: Ball
1-0: Foul Ball, location: 2F
1-1: Ball
2-1: Foul Ball, location: 2F
2-2: Ball
3-2: SOLO HOME RUN (Flyball, 9LD), Distance : 349 ft
Batting: RHB Dave Morris 0-0: Called Strike
0-1: Ball
1-1: Ball
2-1: Ball
3-1: Called Strike
3-2: Fly out, F5 (Popup, 6S)
Batting: SHB Sam Quint 0-0: Ground out 5-3 (Groundball, 25)
Bottom of the 8th over - 1 run, 1 hit, 0 errors, 0 left on base; Richardson City 1 - Philadelphia 1776 10
TOP OF THE 9TH
Richardson City Thundercats batting - Pitching for Philadelphia 1776 BC : RHP Frank Walker
Batting: RHB Tomás Martínez 0-0: Ball
1-0: Ball
2-0: Foul Ball, location: 2F
2-1: Called Strike
2-2: Ball
3-2: Foul Ball, location: 2F
3-2: Foul Ball, location: 2F
3-2: Base on Balls
Batting: RHB IV Seacat 0-0: Fly out, F6 (Popup, 6)
Batting: RHB Pedro Castillo 0-0: Ball
1-0: Grounds into double play, 6-4-3 (Groundball, 6)
Top of the 9th over - 0 runs, 0 hits, 0 errors, 0 left on base; Richardson City 1 - Philadelphia 1776 10
Tuesday, December 19th, 2017 - OOTP Baseball 18.8 Build 76